 Dungeon Crawl Stone Soup version 0.30-b1-2-g02819fbbbe (webtiles) character file.

Game seed: 5726682823844134753

104615 seren the Fencer (level 16, -18/104 HPs)
             Began as a Tengu Reaver on Dec 26, 2023.
             Was the Champion of Okawaru.
             Killed from afar by a thorn hunter (23 damage)
             ... with a volley of thorns
             ... on level 1 of the Swamp on Dec 27, 2023.
             The game lasted 03:44:15 (30790 turns).

seren the Fencer (Tengu Reaver)                    Turns: 30790, Time: 03:44:16

Health: -18/104    AC: 16    Str: 20    XL:     16   Next: 39%
Magic:  22/22      EV: 21    Int: 19    God:    Okawaru [******]
Gold:   2091       SH: 17    Dex: 20    Spells: 16/19 levels left

rFire   + . .        a - +7 long sword "Nihunom" {flame, rElec Dex+2}
rCold   + . .        Z - +5 kite shield "Kyttoowe" {rC+ Will+}
rNeg    . . .        m - +0 swamp dragon scales
rPois   +            p - +0 hat {Int+3}
rElec   +            E - +0 cloak {Stlth+}
rCorr   .            D - +3 pair of gauntlets of War {Slay+5}
SInv    .            (boots unavailable)
Will    ++...        A - amulet of regeneration
Stlth   +++          C - ring of wizardry
HPRegen 1.17/turn    j - ring of Jikuf {rF+ Str+3 Dex+4}
MPRegen 0.18/turn

%: wizardry (x1)
@: about to teleport, flying quickly and evasively, studying Long Blades,
invisible, quick
A: beak, talons 3, nimble flight
a: Renounce Religion, Heroism, Finesse, Duel


You were on level 1 of the Swamp.
You worshipped Okawaru.
Okawaru was exalted by your worship.
You visited 5 branches of the dungeon, and saw 24 of its levels.

You collected 3808 gold pieces.
You spent 1717 gold pieces at shops.

Inventory:

Hand Weapons
 a - the +7 long sword "Nihunom" (weapon) {flame, rElec Dex+2}
   (You bought it in a shop on level 2 of the Orcish Mines)

   Dex:       It affects your dexterity (+2).
   rElec:     It insulates you from electricity.
 b - the +11 dagger "Sossonod" {pain, Will+}
   (You took it off an orc on level 8 of the Dungeon)

   Will:      It increases your willpower.
 T - a +1 vampiric scimitar
Missiles
 g - 34 poisoned darts
 i - 8 javelins
 q - a throwing net
 w - 19 boomerangs
Armour
 m - +0 swamp dragon scales (worn)
 p - a +0 hat of intelligence (worn)
 r - the +1 animal skin of Okawaru's Hatred {rF++ Dex+4}
   (Okawaru gifted it to you on level 14 of the Dungeon)

   Dex:       It affects your dexterity (+4).
   rF:        It greatly protects you from fire.
 D - the +3 pair of gauntlets of War (worn) {Slay+5}
   (You bought it in a shop on level 6 of the Dungeon)

   Slay:      It affects your accuracy & damage with ranged weapons and melee
   (+5).
 E - a +0 cloak of stealth (worn)
 N - a +3 chain mail of positive energy
 W - a +1 ring mail of cold resistance
 X - +0 acid dragon scales
 Z - the +5 kite shield "Kyttoowe" (worn) {rC+ Will+}
   (You found it on level 11 of the Dungeon)

   rC:        It protects you from cold.
   Will:      It increases your willpower.
Jewellery
 d - a ring of resist corrosion
 j - the ring of Jikuf (right hand) {rF+ Str+3 Dex+4}
   (You found it on level 5 of the Lair of Beasts)

   [ring of protection from fire]

   Str:       It affects your strength (+3).
   Dex:       It affects your dexterity (+4).
   rF:        It protects you from fire.
 o - a ring of ice
 A - an amulet of regeneration (around neck)
 C - a ring of wizardry (left hand)
 F - a ring of poison resistance
 Y - a ring of protection from fire
Wands
 y - a wand of polymorph (9)
 G - a wand of paralysis (5)
 J - a wand of flame (48)
 K - a wand of mindburst (20)
 S - a wand of iceblast (17)
Scrolls
 c - a scroll of brand weapon
 e - 4 scrolls of fog
 h - a scroll of enchant armour
 l - 6 scrolls of teleportation
 n - a scroll of silence
 t - 10 scrolls of identify
 u - 5 scrolls of magic mapping
 B - a scroll of blinking
Potions
 k - 2 potions of haste
 s - 2 potions of brilliance
 x - 2 potions of resistance
 H - 13 potions of curing
 I - 3 potions of magic
 R - 2 potions of cancellation
 V - 4 potions of ambrosia
Miscellaneous
 f - a phial of floods
 L - a lightning rod (4/4)


   Skills:
 + Level 13.6 Fighting
 - Level 8.0(12.7) Short Blades
 + Level 15.3(16.1) Long Blades
 + Level 4.7 Throwing
 - Level 12.0 Armour
 - Level 12.0 Dodging
 - Level 3.0 Stealth
 + Level 10.0 Shields
 + Level 2.3 Spellcasting
 - Level 6.0 Conjurations
 + Level 1.2 Necromancy
 - Level 7.0 Invocations
 - Level 6.0 Evocations


You had 16 spell levels left.
You knew the following spells:

 Your Spells              Type           Power      Damage    Failure   Level
a - Kiss of Death         Conj/Necr      60%        2d10      4%          1
b - Momentum Strike       Conj/Tloc      26%        3d8       9%          2

Your spell library contained the following spells:

 Spells                   Type           Power      Damage    Failure   Level
 Static Discharge         Conj/Air       26%        2-4/arc   9%          2
 Sublimation of Blood     Necr           6%         N/A       16%         2
 Hailstorm                Conj/Ice       13%        3d5       16%         3
 Stone Arrow              Conj/Erth      26%        3d8       16%         3
 Sting                    Tmut/Pois      8%         1d3       17%         1
 Cigotuvi's Dreadful Rot  Necr/Pois/Air  6%         N/A       24%         2
 Poisonous Vapours        Pois/Air       4%         N/A       26%         2
 Wereblood                Tmut           2%         N/A       26%         2
 Confusing Touch          Hex            2%         N/A       45%         3
 Dispel Undead            Necr           6%         3d8       69%         4
 Airstrike                Air            1%         2d(1-17)  85%         4
 Olgreb's Toxic Radiance  Pois           2%         N/A       85%         4
 Petrify                  Tmut/Erth      2%         N/A       85%         4
 Shatter                  Erth           1%         3d5*      100%        9
 Summon Small Mammal      Summ           Unusable   N/A       N/A         1
 Call Canine Familiar     Summ           Unusable   N/A       N/A         3
 Summon Guardian Golem    Hex/Summ       Unusable   N/A       N/A         3
 Summon Lightning Spire   Summ/Air       Unusable   N/A       N/A         4
 Death Channel            Necr           Unusable   N/A       N/A         6
 Summon Hydra             Summ           Unusable   N/A       N/A         7

Dungeon Overview and Level Annotations

Branches:
Dungeon (15/15)            Temple (1/1) D:4            Lair (5/5) D:9
  Swamp (1/4) Lair:3       Spider (0/4) Lair:3        Slime (0/5) Lair:4
    Orc (2/2) D:11            Elf (0/3) Orc:2        Vaults (0/5) D:14
 Depths (0/4) D:15

Altars:
Ashenzari
Cheibriados
Dithmenos
Elyvilon
Fedhas
Gozag
Hepliaklqana
Kikubaaqudgha
Makhleb
Nemelex Xobeh
Okawaru
Qazlal
Ru
Sif Muna
Trog
Uskayaw
Vehumet
Wu Jian
Xom
Yredelemnul
Zin
The Shining One

Shops:
D:3 =   D:6 [[??   D:10 !   D:11 (   Orc:2 (*(((

Annotations:
D:8 !Joseph
D:15 Rupert
Lair:1 exclusion: catoblepas
Lair:4 exclusion: 3 oklob plants
Lair:5 spriggan with rapier of distortion
Orc:1 2 transporters, exclusions: downstairs and 1 more exclusion, frogman's ghost, novice MiBe


Innate Abilities, Weirdness & Mutations

You have a beak for a mouth.
You have claws for feet.
Your magical nature lets you fly swiftly and evasively.


Message History

There is a staircase to the Swamp, spattered with blood here.
You fly downwards.
Welcome back to the Swamp!
This branch is noisy: sounds don't travel as far here.
This branch contains the decaying rune of Zot.
There is a staircase back to the Lair here.
Okay, then.
You're wearing all the rings you can.
Remove which one? (? for menu, Esc to cancel) < or
F - a ring of poison resistance > or
j - the ring of Jikuf {rF+ Str+3 Dex+4} You remove your ring of poison resistance.
C - a ring of wizardry (left hand)
Okay, then.
A thorn hunter comes into view.
Press: ? - help, v - describe, . - travel
Here: a thorn hunter The floor.
The thorn hunter gestures.
Thorny briars emerge from the ground!
Thorny briars emerge from the ground!
The thorn hunter fires a volley of thorns at you.
The volley of thorns hits you!!
The thorn hunter fires a volley of thorns at you.
The volley of thorns hits you!
The thorn hunter fires a volley of thorns at you.
The volley of thorns hits you!!
The thorn hunter gestures.
Thorny briars emerge from the ground!
The thorn hunter fires a volley of thorns at you.
The volley of thorns hits you!!
* * * LOW HITPOINT WARNING * * *
As you read the scroll of teleportation, it crumbles to dust.
You feel strangely unstable.
The thorn hunter fires a volley of thorns at you.
The volley of thorns hits you!!
* * * LOW HITPOINT WARNING * * *
You fade into invisibility!
The thorn hunter fires a volley of thorns at you.
The volley of thorns hits you!!
You die...

♣..~♣ ♣♣.~~~~~.♣♣.. ♣~~.♣
♣♣....~♣♣♣.. ♣♣♣♣♣♣.~~♣♣
♣......♣♣~.~
♣~.~♣♣♣♣.P♣♣♣......~♣~.~
♣.~~.♣~.PPPP###.##......
♣~.~~~......#....#.)....
♣♣♣♣♣♣.....~~.~.#(.....~....
♣..~§~..♣♣.~~~..#....#.~....
~♣.~~~~.....@~.~~#..~~~~~..~.
~...~~~~...~~~....~#P.=~~~.#..#
~.♣.§~~~...~PP~~.§~PP......♣♣..
~ ♣~.~~~.~.fPP~~..~#P.......♣..
......~~~~.PP~~..~P.~.~§~~....
.~.....~~~PPP~.....PP~~~~#.####
~....~~§~~PPPP~....PP~~.....~(.
....~§~~~~......~.PP~♣♣~~♣~♣..
~~.~~~~~~~~....~.♣♣~~♣♣♣♣♣♣♣♣


You could see a thorn hunter.

Vanquished Creatures
  Gastronok (D:9)
  An orc warlord (D:11)
  A stone giant (D:15)
  An eleionoma (Swamp:1)
  Josephine (D:10)
  A fire dragon (D:12)
  9 hydras
  6 centaur warriors
  5 two-headed ogres
  5 boulder beetles
  2 alligators (Swamp:1)
  2 tengu warriors (D:15)
  2 thrashing horrors (Lair:5)
  A skyshark (Lair:2)
  Amaemon (D:8)
  Lodul (D:13)
  A pharaoh ant (Lair:3)
  6 skeletal warriors (D:12)
  2 swamp dragons (Swamp:1)
  A wizard (D:14)
  4 orc knights
  4 deep elf pyromancers
  Pikel (D:7)
  A harpy (shapeshifter) (D:14)
  2 orc sorcerers
  20 ugly things
  2 manticores (D:12)
  7 cyclopes
  A moth of wrath (shapeshifter) (D:14)
  6 elephants (Lair:5)
  Joseph (D:8)
  An orange demon (D:8)
  2 torpor snails
  2 black mambas
  2 smoke demons (Lair:5)
  A black mamba (shapeshifter) (D:14)
  12 cane toads
  4 gargoyles
  3 kobold demonologists (D:12)
  An unseen horror (D:13)
  7 komodo dragons
  3 efreet
  Psyche (D:9)
  3 rime drakes
  An ancient zyme (Lair:5)
  8 trolls
  3 polar bears
  A large abomination (Lair:5)
  A meliai (shapeshifter) (Lair:5)
  2 blink frogs (shapeshifter)
  A tarantella (Lair:3)
  A tyrant leech (Swamp:1)
  A tarantella (shapeshifter) (Lair:5)
  5 hornets
  17 blink frogs
  A raiju (shapeshifter) (D:15)
  14 dream sheep
  17 slime creatures
  3 jumping spiders
  3 shadows
  3 vampires
  10 wraiths
  A ynoxinul (Lair:5)
  56 yaks
  3 wyverns
  7 basilisks
  12 vampire mosquitoes
  A chaos spawn (Lair:5)
  Grum (D:8)
  A steam dragon (D:9)
  4 redbacks (D:14)
  A swamp worm (Swamp:1)
  4 wargs
  A redback simulacrum (D:14)
  3 acid dragons
  12 water moccasins
  A floating eye (shapeshifter) (D:12)
  37 orc warriors
  2 sky beasts
  An ice beast (D:5)
  A black bear (D:6)
  An ogre (shapeshifter) (D:14)
  18 ogres
  The ghost of Setanta the Magician, an amateur DjCj (D:4)
  7 centaurs
  25 wolves
  A lemure (D:7)
  3 phantoms
  4 kobold brigands
  9 bullfrogs
  9 small abominations (Lair:5)
  9 scorpions
  29 wights
  4 killer bees (D:9)
  5 howler monkeys
  4 jellies
  5 hounds
  17 orc priests
  15 iguanas
  4 sleepcaps
  14 orc wizards
  A gnoll (D:5)
  13 adders
  3 shadow imps
  6 white imps
  2 ufetubi
  3 worms
  3 dart slugs
  87 orcs
  5 endoplasms
  5 giant cockroaches
  6 goblins
  7 hobgoblins
  6 jackals (D:2)
  15 kobolds
  7 quokkas
  8 ball pythons
  13 bats
  6 frilled lizards
  4 rats
766 creatures vanquished.

Vanquished Creatures (others)
  A bloated husk (Swamp:1)
  A bush (D:9)
  48 fungi
  49 plants
  3 toadstools (D:7)
102 creatures vanquished.

Grand Total: 868 creatures vanquished

Notes
Turn   | Place    | Note
-------+----------+-------------------------------------------
     0 | D:1      | seren the Tengu Reaver began the quest for the Orb.
     0 | D:1      | Reached XP level 1. HP: 12/12 MP: 4/4
   147 | D:1      | Reached XP level 2. HP: 17/17 MP: 6/6
   465 | D:1      | Reached XP level 3. HP: 21/21 MP: 7/7
  1181 | D:2      | Reached skill level 1 in Armour
  1181 | D:2      | Reached XP level 4. HP: 27/27 MP: 8/8
  1610 | D:3      | Reached skill level 1 in Short Blades
  2052 | D:3      | Found Abeigg's Jewellery Shop.
  2359 | D:3      | Gained mutation: Your magical nature lets you fly swiftly
                  | and evasively. [Tengu growth]
  2359 | D:3      | Reached XP level 5. HP: 31/31 MP: 9/9
  2907 | D:4      | Learned a level 2 spell: Momentum Strike
  2910 | D:4      | Noticed an ogre
  2967 | D:5      | Entered Level 5 of the Dungeon
  2967 | D:5      | Found an iron altar of Okawaru.
  3003 | D:5      | Became a worshipper of Warmaster Okawaru
  3039 | D:4      | Found a staircase to the Ecumenical Temple.
  3053 | Temple   | Entered the Ecumenical Temple
  3180 | D:4      | Noticed Setanta's ghost (amateur DjCj)
  3183 | D:4      | Found a runed translucent door.
  3195 | D:4      | Reached skill level 5 in Conjurations
  3248 | D:4      | Reached skill level 1 in Stealth
  3248 | D:4      | Reached XP level 6. HP: 32/37 MP: 10/10
  3520 | D:4      | Reached * piety under Okawaru
  3521 | D:4      | Reached XP level 7. HP: 35/38 MP: 11/11
  3577 | D:4      | Found an ancient bone altar of Kikubaaqudgha.
  4307 | D:5      | Found a shadowy altar of Dithmenos.
  4325 | D:5      | Found a basalt altar of Yredelemnul.
  4380 | D:5      | Found a hazy altar of Hepliaklqana.
  4466 | D:6      | Found Arek's Magic Scroll Shoppe.
  4482 | D:6      | Reached ** piety under Okawaru
  4483 | D:6      | Reached XP level 8. HP: 23/48 MP: 12/12
  4485 | D:6      | Bought a scroll of fog for 44 gold pieces
  4485 | D:6      | Bought a scroll of identify for 22 gold pieces
  4485 | D:6      | Bought a scroll of fear for 44 gold pieces
  4550 | D:6      | Reached skill level 5 in Fighting
  4569 | D:6      | Reached skill level 5 in Short Blades
  4596 | D:6      | Found Ocust's Antique Armour Shop.
  4614 | D:6      | Bought an embroidered cloak for 172 gold pieces
  4673 | D:5      | Reached skill level 1 in Shields
  4818 | D:6      | Found Nomuferph's Magic Scroll Shoppe.
  4970 | D:6      | Found Amomolu's Antique Armour Shoppe.
  5360 | D:6      | Reached *** piety under Okawaru
  5361 | D:6      | Reached skill level 5 in Dodging
  6026 | D:5      | Reached XP level 9. HP: 46/55 MP: 13/13
  6254 | D:5      | Noticed a troll
  6491 | D:5      | Killed a troll
  6915 | D:7      | You are sucked into a shaft and drop 2 floors!
  6968 | D:9      | Noticed Psyche
  7039 | D:8      | Noticed Grum
  7168 | D:8      | Noticed Pikel
  7199 | D:7      | Killed Pikel
  7289 | D:7      | Reached XP level 10. HP: 63/63 MP: 14/14
  7774 | D:7      | Reached **** piety under Okawaru
  7775 | D:7      | Reached skill level 4 in Long Blades
  7948 | D:8      | Noticed Joseph
  8891 | D:8      | Killed Grum
  9004 | D:8      | Found a snail-covered altar of Cheibriados.
  9070 | D:8      | Reached skill level 5 in Long Blades
  9076 | D:8      | Reached skill level 5 in Armour
  9125 | D:8      | Noticed an orange demon
  9130 | D:8      | Noticed Amaemon
  9288 | D:9      | Reached ***** piety under Okawaru
  9303 | D:9      | Reached skill level 6 in Long Blades
  9311 | D:9      | Reached skill level 5 in Shields
  9321 | D:9      | Reached XP level 11. HP: 27/69 MP: 15/15
  9385 | D:9      | Received a gift from Okawaru
  9389 | D:9      | Reached skill level 7 in Long Blades
  9397 | D:9      | Found a staircase to the Lair.
  9526 | Lair:1   | Entered Level 1 of the Lair of Beasts
  9786 | D:9      | Reached skill level 8 in Long Blades
  9939 | D:9      | Noticed Gastronok
 10198 | Lair:1   | Noticed a catoblepas
 10410 | D:9      | Received a gift from Okawaru
 10490 | D:9      | Killed Psyche
 10495 | Lair:1   | HP: 1/71 [yak (11)]
 10682 | Lair:1   | Reached skill level 9 in Long Blades
 10954 | Lair:1   | Reached skill level 10 in Fighting
 10954 | Lair:1   | Reached XP level 12. HP: 42/77 MP: 16/16
 11268 | Lair:2   | Reached skill level 10 in Long Blades
 11296 | Lair:2   | Noticed a boulder beetle
 11573 | Lair:2   | Reached skill level 1 in Evocations
 12177 | Lair:3   | Noticed a skyshark
 12295 | Lair:2   | Killed a skyshark
 12613 | Lair:3   | Found a hole to the Spider Nest.
 12980 | Lair:3   | Found a staircase to the Swamp.
 13377 | Lair:3   | Reached skill level 11 in Long Blades
 13590 | Lair:3   | Identified the +1 buckler "Sinatox" {Dex+3} (Okawaru gifted
                  | it to you on level 3 of the Lair of Beasts)
 13590 | Lair:3   | Received a gift from Okawaru
 13938 | Lair:4   | Noticed a five-headed hydra
 13992 | Lair:4   | Found a staircase to the Slime Pits.
 14542 | Lair:4   | You are sucked into a shaft and drop 1 floor!
 14542 | Lair:5   | Entered Level 5 of the Lair of Beasts
 14562 | Lair:5   | Noticed an eight-headed hydra
 14572 | Lair:5   | Reached XP level 13. HP: 76/82 MP: 17/17
 14591 | Lair:5   | Reached skill level 5 in Evocations
 15217 | Lair:4   | Reached skill level 10 in Armour
 15331 | Lair:5   | Reached skill level 12 in Long Blades
 16144 | Lair:5   | Reached skill level 10 in Dodging
 16262 | Lair:4   | Reached skill level 1 in Invocations
 16398 | Lair:5   | Identified the +0 plate armour of Jave {*Corrode Will+
                  | Str+7} (Okawaru gifted it to you on level 5 of the Lair of
                  | Beasts)
 16398 | Lair:5   | Received a gift from Okawaru
 16749 | Lair:5   | Noticed an entropy weaver
 16846 | Lair:5   | HP: 3/70 [five-headed hydra (7)]
 17137 | D:9      | Reached skill level 13 in Long Blades
 17286 | D:10     | Entered Level 10 of the Dungeon
 17353 | D:10     | Noticed Josephine
 17745 | D:10     | Killed Josephine
 17801 | D:10     | Identified a scroll of acquirement
 17802 | D:10     | Acquired a +1 vampiric scimitar
 17854 | D:11     | Found Weishracu's Weapon Shoppe.
 18237 | D:10     | Found Foerph's Distillery.
 18381 | D:11     | Reached XP level 14. HP: 90/90 MP: 18/18
 18579 | D:11     | Found a staircase to the Orcish Mines.
 18886 | D:12     | Reached skill level 5 in Invocations
 18988 | D:11     | Identified the +5 kite shield "Kyttoowe" {rC+ Will+}
 19275 | D:11     | Reached skill level 14 in Long Blades
 19552 | Orc:1    | Entered Level 1 of the Orcish Mines
 19638 | Orc:1    | Found a transporter.
 19641 | Orc:1    | Noticed frogman's ghost (novice MiBe)
 19687 | Orc:1    | Found a transporter.
 19835 | Orc:1    | Noticed an orc warlord
 19962 | D:11     | Killed an orc warlord
 20431 | D:12     | HP: 2/63 [eight-headed hydra (9)]
 20767 | D:11     | Paralysed by an orc sorcerer for 3 turns
 21106 | Orc:2    | Entered Level 2 of the Orcish Mines
 21467 | D:4      | Killed Setanta's ghost
 21554 | D:6      | Bought a scroll of blinking for 105 gold pieces
 21612 | D:6      | Bought the +3 pair of gauntlets of War {Slay+5} for 1092
                  | gold pieces
 21612 | D:6      | Found the +3 pair of gauntlets of War {Slay+5}
 21813 | D:8      | Killed Joseph
 21837 | D:8      | Killed Amaemon
 21897 | D:8      | Identified the +11 dagger "Sossonod" {pain, Will+}
 22429 | Orc:1    | You are sucked into a shaft and drop 1 floor!
 22435 | Orc:2    | Found Fygg's Antique Weapon Shop.
 22573 | Orc:2    | Received a gift from Okawaru
 23675 | Orc:2    | Found Xaerchuv's Weapon Shop.
 23675 | Orc:2    | Found Socys's Weapon Shoppe.
 23677 | Orc:2    | Found Kugioj's Antique Weapon Emporium.
 23679 | Orc:2    | Found Beafer's Assorted Antiques.
 23690 | Orc:2    | Bought a slimy long sword for 238 gold pieces
 23690 | Orc:2    | Identified the +7 long sword "Nihunom" {flame, rElec Dex+2}
                  | (You bought it in a shop on level 2 of the Orcish Mines)
 23801 | Orc:2    | Found a staircase to the Elven Halls.
 24211 | D:11     | Reached skill level 15 in Long Blades
 24439 | D:12     | Paralysed by a vampire for 4 turns
 24492 | D:12     | Reached XP level 15. HP: 80/96 MP: 20/20
 24586 | D:12     | Got the Precepts of the Mesa
 24626 | D:12     | Identified the -2 pair of gloves of Resourcefulness {rElec
                  | Dex+3}
 24761 | D:12     | Identified the +7 morningstar of Ygukly {flame, +Blink rF-
                  | rC+++ Str-3}
 25095 | D:12     | Paralysed by a hornet for 3 turns
 25323 | D:12     | Received a gift from Okawaru
 26302 | D:9      | Killed Gastronok
 26633 | Lair:5   | Received a gift from Okawaru
 26813 | Lair:5   | Reached ****** piety under Okawaru
 26927 | Lair:5   | Identified the ring of Jikuf {rF+ Str+3 Dex+4}
 28070 | D:13     | Noticed Lodul
 28082 | D:13     | Killed Lodul
 28377 | D:14     | Reached skill level 10 in Shields
 28380 | D:14     | Reached skill level 1 in Throwing
 28410 | D:14     | Found a blossoming altar of Fedhas.
 28449 | D:14     | Reached XP level 16. HP: 103/103 MP: 22/22
 28604 | D:14     | Identified the +1 animal skin of Okawaru's Hatred {rF++
                  | Dex+4} (Okawaru gifted it to you on level 14 of the
                  | Dungeon)
 28604 | D:14     | Received a gift from Okawaru
 28727 | D:14     | Found a gate to the Vaults.
 28789 | D:14     | Found a shadowy altar of Dithmenos.
 29014 | D:15     | Entered Level 15 of the Dungeon
 29128 | D:15     | Found a snail-covered altar of Cheibriados.
 29149 | D:15     | Found a shimmering altar of Xom.
 29548 | D:15     | Found a staircase to the Depths.
 29742 | D:15     | Noticed Rupert
 30178 | Swamp:1  | Entered Level 1 of the Swamp
 30674 | Swamp:1  | Reached skill level 1 in Necromancy
 30771 | Swamp:1  | Noticed a thorn hunter
 30788 | Swamp:1  | HP: 3/104 [thorn hunter/volley of thorns (28)]
 30790 | Swamp:1  | Killed from afar by a thorn hunter

Illustrated notes

Levels and vault maps discovered:
D:1:      psy_arrival_fountain, layout_loops_cross
D:2:      layout_rooms
D:3:      layout_loops_cross, serial_shops, nicolae_shop_gaudy_bauble,
          dreamdust_princess_bridge, nicolae_titane
D:4:      layout_basic, nicolae_overflow_crystal_walls,
          minmay_temple_entry_stoned_glass, hellmonk_ghost_happy_afterlife
D:5:      kennysheep_windowed_halls, layout_rooms, mainiacjoe_overflow_alcove_1,
          mainiacjoe_overflow_paths, mainiacjoe_overflow_divided_tiny,
          st_stairs_6
D:6:      layout_gridville, serial_shops, kennysheep_mini_moat, shop, shop,
          nicolae_shop_rolled_up
D:7:      old_forge, layout_cave_pods, minmay_gold_behind_fungi
D:8:      layout_basic, mainiacjoe_overflow_tiny_flanked, enter_bailey_2,
          uniq_amaemon, uniq_pikel, uniq_joseph, uniq_grum
D:9:      layout_loops_cross, minmay_lair_entry_grove, minmay_lizard_king,
          uniq_psyche, uniq_gastronok
D:10:     layout_roguey, serial_shops, nicolae_shop_rolling_square,
          minmay_misc_feat_iff, chequers_serial_rivers_micro_d, uniq_josephine
D:11:     layout_cave_pods, orc_0_dummy, serial_shops, shop,
          hangedman_corner_corridor
D:12:     minmay_the_grid_square_5x5_4x4_mashed
          [minmay_the_grid_square_5x5_inverted_slash,
          minmay_the_grid_square_5x5_dogpile,
          minmay_the_grid_square_5x5_moneybag, minmay_the_grid_square_5x5_v,
          minmay_the_grid_square_5x5_doubleslash,
          minmay_the_grid_square_5x5_prize_pseudospiral,
          minmay_the_grid_square_5x5_prize_waves,
          minmay_the_grid_square_5x5_detours, minmay_the_grid_square_5x5_bridge,
          minmay_the_grid_square_5x5_prize_gold,
          minmay_the_grid_square_5x5_prize_junk,
          minmay_the_grid_square_5x5_bite,
          minmay_the_grid_square_5x5_two_walls_a,
          minmay_the_grid_square_5x5_forky,
          minmay_the_grid_square_5x5_hollow_slash,
          minmay_the_grid_square_5x5_two_walls_b], layout_long_grid,
          dreamdust_wasp_nest
D:13:     layout_gridville, uniq_lodul
D:14:     layout_loops_ring, david_vaults_2, fedhas_altar_3,
          serial_park_tiny_pond, nicolae_dithmenos_the_darkroom
D:15:     grunt_enter_depths_snipers, layout_irregular_city, old_standard_altar,
          nrook_mini_vaults, kennysheep_slug_shrine, uniq_rupert
Temple:   kb_temple_of_zot
Lair:1:   layout_regular_city
Lair:2:   layout_chaotic_city, grunt_megastairs_4
Lair:3:   layout_layer_cave, swamp_mist, nicolae_spider_entry_lesser_pyramids
Lair:4:   layout_regular_city, minmay_slime_entry_oklob_open,
          serial_bayou_shore_a
Lair:5:   hellmonk_lair_end_abyssal_woods, layout_cave_pods, minivault_25
Swamp:1:  layout_basic_swamp, evilmike_swamp_ruin_house_6
Orc:1:    layout_diamond_mine, gammafunk_ghost_stat_death, basic_altar
Orc:2:    st_orc_rangers, layout_caves, serial_shops, shop, minmay_orc_temple_a

Skill      XL: |  1  2  3  4  5  6  7  8  9 10 11 12 13 14 15 16 |
---------------+-------------------------------------------------+-----
Armour         | 1 2 3 4 5 7 9 10 11 12 | 12.0
Short Blades   | 1 2 3 4 6 7 8 |  8.0
Fighting       | 3 4 5 7 8 10 11 12 13 | 13.6
Conjurations   | 5 6 |  6.0
Dodging        | 3 4 5 6 7 8 9 10 11 12 | 12.0
Stealth        | 1 2 3 |  3.0
Shields        | 2 4 5 6 7 10 | 10.0
Long Blades    | 6 9 11 13 15 | 15.3
Evocations     | 4 6 |  6.0
Invocations    | 4 6 7 |  7.0
Throwing       | 1 4 |  4.7
Necromancy     | 1 |  1.2
Spellcasting   | |  2.3

Action                     |  1- 3 |  4- 6 |  7- 9 | 10-12 | 13-15 | 16-18 || total
---------------------------+-------+-------+-------+-------+-------+-------++-------
  Melee: Falchion          |    59 |       |       |       |       |       ||    59
         Kick              |    18 |    40 |   135 |   301 |   634 |    70 ||  1198
         Peck              |    11 |    20 |    89 |   189 |   390 |    41 ||   740
         Dagger            |    35 |   120 |   355 |   273 |    56 |       ||   839
         Punch             |       |       |     1 |       |       |       ||     1
         Long sword        |       |       |       |   561 |   852 |   130 ||  1543
         Scimitar          |       |       |       |       |   631 |       ||   631
         Short sword       |       |       |       |       |     2 |       ||     2
   Cast: Kiss of Death     |     1 |     3 |     3 |       |     4 |       ||    11
 Invoke: Heroism           |       |       |     2 |    15 |    14 |       ||    31
         Finesse           |       |       |       |       |     1 |       ||     1
  Evoke: Wand              |       |       |       |     1 |    27 |       ||    28
    Use: Scroll            |       |     6 |    10 |    12 |    16 |     3 ||    47
         Potion            |       |       |     1 |     3 |     3 |     1 ||     8
   Stab: Sleeping          |       |     2 |     5 |     2 |    12 |     5 ||    26
         Distracted        |       |       |     1 |       |     1 |       ||     2
         Held in net/web   |       |       |       |     2 |       |       ||     2
         Paralysed         |       |       |       |     5 |     6 |       ||    11
 Armour: Leather armour    |    34 |    23 |    35 |    16 |       |       ||   108
         Ring mail         |       |       |       |    79 |   264 |    11 ||   354
         Acid dragon scale |       |       |       |       |       |     2 ||     2
  Dodge: Dodged            |    77 |    79 |   171 |   469 |  1143 |    59 ||  1998
  Block: Buckler           |       |       |    49 |   156 |   448 |     8 ||   661
         Kite shield       |       |       |       |       |       |    50 ||    50
